 Dungeon Crawl Stone Soup version 0.31-a0-152-g6aa68a64a1 (webtiles) character file.

Game seed: 5418504969769946325

82072 jasper the Placeless Spriggan (level 15, -1/64 (77) HPs)
             Began as a Spriggan Summoner on June 9, 2023.
             Was a High Priest of Sif Muna.
             Shot with an arrow by a centaur warrior (8 damage)
             ... on level 13 of the Dungeon.
             The game lasted 00:58:05 (25328 turns).

jasper the Placeless Spriggan (Spriggan Summoner)  Turns: 25328, Time: 00:58:06

HP:   -1/64 (77)    AC:  6    Str:  4    XL:     15   Next: 28%
MP:   20/29         EV: 24    Int: 33    God:    Sif Muna [*****.]
Gold: 488           SH:  0    Dex: 14    Spells: 3/32 levels left

rFire   . . .        m - +8 whip "Snakebite" {venom, curare, rPois}
rCold   + . .        (no shield)
rNeg    . . .        F - +2 robe {Archmagi}
rPois   +            q - +2 hat of the Slug {Slay+3}
rElec   +            (no cloak)
rCorr   .            (gloves unavailable)
SInv    +            (boots unavailable)
Will    +++++        e - amulet "Zoserooq" {+Inv rElec Regen+ Int+5}
Stlth   ++           c - ring "Fupivuon" {Wiz Will+++ Int+4 Dex-2}
HPRegen 1.10/turn    C - ring of protection from cold
MPRegen 0.21/turn

%: wizardry (x1), archmagi
@: heavily drained, very quick
A: very small, no large weapons, unfitting armour, see invisible, speed 3
a: Renounce Religion, Evoke Invisibility, Channel Magic, Forget Spell, Divine
Exegesis


You were on level 13 of the Dungeon.
You worshipped Sif Muna.
Sif Muna was extremely pleased with you.
You visited 4 branches of the dungeon, and saw 21 of its levels.
You also visited: Sewer, Bailey and Gauntlet.

You collected 1901 gold pieces.
You spent 1413 gold pieces at shops.

Inventory:

Hand Weapons
 m - the +8 whip "Snakebite" (weapon) {venom, curare, rPois}
   (You found it on level 3 of the Lair of Beasts)

   rPois:     It protects you from poison.
 J - a +1 scimitar of holy wrath
Missiles
 d - 4 curare-tipped darts
 y - 2 throwing nets
Armour
 q - the +2 hat of the Slug (worn) {Slay+3}
   (You found it on level 3 of the Lair of Beasts)

   Slay:      It affects your accuracy & damage with ranged weapons and melee
   (+3).
 F - a +2 robe of the Archmagi (worn)
Magical Staves
 w - a staff of earth
Jewellery
 c - the ring "Fupivuon" (left hand) {Wiz Will+++ Int+4 Dex-2}
   (You bought it in a shop on level 2 of the Orcish Mines)

   [ring of wizardry]

   It improves your spell success rate.
   Int:       It affects your intelligence (+4).
   Dex:       It affects your dexterity (-2).
   Will:      It greatly increases your willpower.
 e - the amulet "Zoserooq" (around neck) {+Inv rElec Regen+ Int+5}
   (You acquired it on level 1 of the Lair of Beasts)

   [amulet of regeneration]

   Int:       It affects your intelligence (+5).
   rElec:     It insulates you from electricity.
   +Inv:      It lets you turn invisible.
   Regen:     It increases your rate of health regeneration.
 x - a ring of poison resistance
 A - an amulet of magic regeneration
 C - a ring of protection from cold (right hand)
 D - a ring of protection from fire
 E - an amulet of the acrobat
 O - a ring of magical power
 T - the ring "Xorche" {Dex+5 Slay+4}
   (You found it in a Gauntlet)

   [ring of slaying]

   Dex:       It affects your dexterity (+5).
   Slay:      It affects your accuracy & damage with ranged weapons and melee
   (+4).
 V - a ring of protection from cold
Wands
 a - a wand of quicksilver (5)
 l - a wand of flame (41)
 G - a wand of mindburst (4)
 I - a wand of charming (20)
 P - a wand of digging (6)
 W - a wand of polymorph (16)
 Z - a wand of iceblast (7)
Scrolls
 g - 10 scrolls of identify
 i - 4 scrolls of fog
 p - 6 scrolls of teleportation
 r - 3 scrolls of immolation
 t - 2 scrolls of butterflies
 u - a scroll of amnesia
 H - 5 scrolls of enchant weapon
 L - 3 scrolls of magic mapping
 M - 6 scrolls of noise
 N - 2 scrolls of brand weapon
 Q - a scroll of torment
 R - a scroll of silence
 S - a scroll of poison
 U - a scroll of fear
 X - a scroll of enchant armour
Potions
 b - 2 potions of brilliance
 f - a potion of cancellation
 h - 5 potions of might
 j - 2 potions of degeneration
 k - 6 potions of curing
 n - 2 potions of lignification
 o - 4 potions of enlightenment
 s - 4 potions of mutation
 v - 2 potions of resistance
 z - 2 potions of magic
 B - 3 potions of invisibility
 K - 5 potions of attraction
 Y - 4 potions of heal wounds


   Skills:
 - Level 8.2 Fighting
 + Level 1.4 Maces & Flails
 - Level 12.9 Dodging
 - Level 3.0 Stealth
 - Level 9.2 Spellcasting
 - Level 2.0 Hexes
 - Level 14.0 Summonings
 - Level 14.0 Translocations
 - Level 2.0 Air Magic
 - Level 13.0 Invocations


You had 3 spell levels left.
You knew the following spells:

 Your Spells              Type           Power      Damage    Failure   Level
a - Malign Gateway        Summ/Tloc      52%        N/A       3%          7
c - Call Canine Familiar  Summ           100%       N/A       1%          3
d - Summon Guardian Gole  Hex/Summ       80%        N/A       1%          3
e - Summon Lightning Spi  Summ/Air       80%        N/A       1%          4
f - Summon Forest         Summ/Tloc      52%        N/A       1%          5
g - Summon Hydra          Summ           52%        N/A       3%          7

Your spell library contained the following spells:

 Spells                   Type           Power      Damage    Failure   Level
 Summon Small Mammal      Summ           100%       N/A       0%          1
 Call Imp                 Summ           100%       N/A       0%          2
 Beastly Appendage        Tmut           44%        N/A       1%          1
 Freeze                   Ice            88%        1d9       1%          1
 Kiss of Death            Conj/Necr      88%        2d12      1%          1
 Magic Dart               Conj           88%        1d7       1%          1
 Ensorcelled Hibernation  Hex/Ice        64%        N/A       1%          2
 Passwall                 Tmut/Erth      18%        N/A       1%          2
 Poisonous Vapours        Pois/Air       64%        N/A       1%          2
 Wereblood                Tmut           22%        N/A       1%          2
 Swiftness                Air            42%        N/A       1%          3
 Vhi's Electric Charge    Tloc/Air       100%       N/A       1%          3
 Dazzling Flash           Conj/Hex       64%        N/A       2%          3
 Mephitic Cloud           Conj/Pois/Air  29%        N/A       2%          3
 Frozen Ramparts          Ice            44%        1d7       4%          3
 Hailstorm                Conj/Ice       22%        3d7       4%          3
 Spider Form              Tmut/Pois      22%        N/A       4%          3
 Manifold Assault         Tloc           100%       N/A       1%          4
 Passage of Golubria      Tloc           100%       N/A       1%          4
 Summon Ice Beast         Ice/Summ       75%        N/A       1%          4
 Summon Mana Viper        Hex/Summ       80%        N/A       1%          5
 Dispersal                Tloc           52%        N/A       1%          6
 Summon Cactus Giant      Summ           52%        N/A       1%          6
 Monstrous Menagerie      Summ           52%        N/A       3%          7
 Cause Fear               Hex            21%        N/A       6%          4
 Anguish                  Hex/Necr       16%        N/A       9%          4
 Silence                  Hex/Air        21%        N/A       16%         5
 Arcjolt                  Conj/Air       16%        1d26      22%         5
 Freezing Cloud           Conj/Ice/Air   14%        6-21      26%         5
 Disjunction              Tloc           52%        N/A       26%         8
 Agony                    Necr           22%        N/A       32%         5
 Irradiate                Conj/Tmut      11%        3d15      32%         5
 Plasma Beam              Fire/Air       16%        2x1d27    75%         6
 Eringya's Noxious Bog    Tmut/Pois      11%        N/A       86%         6
 Enfeeble                 Hex            21%        N/A       98%         7


Dungeon Overview and Level Annotations

Branches:
Dungeon (13/15)            Temple (1/1) D:4            Lair (5/5) D:11
 Shoals (0/4) Lair:3        Snake (0/4) Lair:2        Slime (0/5) Lair:4
    Orc (2/2) D:12            Elf (0/3) Orc:2        Vaults (0/5) D:13
  Sewer (visited)          Bailey (visited)         Gauntlet (visited)

Altars:
Ashenzari
Cheibriados
Dithmenos
Elyvilon
Fedhas
Gozag
Hepliaklqana
Kikubaaqudgha
Makhleb
Nemelex Xobeh
Okawaru
Qazlal
Ru
Sif Muna
Trog
Uskayaw
Wu Jian
Xom
Zin
The Shining One
Jiyva
Lugonu

Shops:
D:4 !   D:11 [   D:12 *   Orc:2 **=[

Portals:
Abyss: Lair:5

Annotations:
D:10 2 runed translucent doors
D:11 exclusion: ice statue
Lair:4 exclusion: oklob plant


Innate Abilities, Weirdness & Mutations

You are very small and have problems with some larger weapons.
You are too small for most types of armour.
You have supernaturally acute eyesight. (SInv)
You cover ground extremely quickly. (Speed+++)


Message History

Unknown command.
The centaur warrior shoots an arrow.
The arrow barely misses your warg. The arrow hits your lightning spire!
The centaur warrior shoots an arrow.
The arrow hits your warg!!
Your warg dies!
Your warg's corpse disappears in a puff of smoke!
The centaur warrior shoots an arrow.
The arrow hits your lightning spire but does no damage.
Your lightning spire shoots out a bolt of lightning at the centaur warrior!
The bolt of electricity hits the centaur warrior!
The centaur warrior shoots an arrow.
The arrow completely misses your lightning spire.
The arrow hits you!
You feel drained.
Your lightning spire shoots out a bolt of lightning at the centaur warrior!
The bolt of electricity hits the centaur warrior!!
You take 15 damage, and have 62/75 hp.
The centaur warrior shoots an arrow.
The arrow hits your lightning spire!!
The centaur warrior shoots an arrow.
The arrow hits your lightning spire!
Your lightning spire shoots out a bolt of lightning at the centaur warrior!
The bolt of electricity hits the centaur warrior!!
You regained 2 hp, and now have 65/75 hp.
The centaur warrior shoots an arrow.
The arrow hits your lightning spire!
The centaur warrior shoots an arrow.
The arrow hits your lightning spire!
Your lightning spire is destroyed!
Your lightning spire disappears in a puff of smoke!
The centaur warrior shoots an arrow.
The arrow hits you!!
You feel drained.
You take 27 damage, and have 39/72 hp.
MASSIVE DAMAGE!!
Casting: Summon Lightning Spire (safe; 1% risk of failure)
Confirm with . or Enter, or press ? or * to list all spells.
You feel a surge of power!
An electric hum fills the air.
The centaur warrior shoots an arrow.
The arrow hits you!!
* * * LOW HITPOINT WARNING * * *
You feel drained.
* * * LOW HITPOINT WARNING * * *
You take 37 damage, and have 2/67 hp.
MASSIVE DAMAGE!!
You now have 19/29 mp.
The centaur warrior shoots an arrow.
The arrow barely misses you.
You feel much better.
The centaur warrior shoots an arrow.
The arrow hits you!!
* * * LOW HITPOINT WARNING * * *
You feel drained.
You die...

~ #~~........+.....#....... P
##≈~........#######....... ≈###
##≈~~......................
~~~###~~~~#..#####...:####'#####.
#~~≈~≈~~..#..#...###...........#.
.††~~~~...#..#...................
...8..#...#..#....##''†########..
......+...#..#....#..)(.#.....# .
.\....#####..#..@8#....†'.....#
..\..........#+##.#..⌠..)..⌠..#
...*<.............#.....'.....#
..............÷...#.....#.....#
..###.............########(''##
.. #.............#)....#.)...# ..
###########..c#.....'.....# ##
#...#..∩..'..⌠..#
#...#.....'.....#


You could see a centaur warrior (ally target) and a friendly lightning spire
(summoned).

Vanquished Creatures
  Rupert (Lair:5)
  A boulder beetle (Lair:3)
  A death yak (Lair:3)
  An ugly thing (D:11)
  A black mamba (Lair:5)
  A cane toad (Lair:2)
  An unseen horror (D:6)
  A komodo dragon (D:11)
  A troll (D:11)
  3 blink frogs (Lair:5)
  A wyvern (D:10)
  3 yaks
  A human (D:13)
  Edmund (D:5)
  A small abomination (Lair:5)
  A black bear (D:6)
  A phantom (D:5)
  A bullfrog (Lair:3)
  A scorpion (D:6)
  A howler monkey (D:4)
  2 hounds (D:5)
  A jelly (D:6)
  An orc priest (D:8)
  A sleepcap (D:7)
  2 iguanas
  A gnoll (D:7)
  4 adders
  A river rat (Sewer)
  A shadow imp (D:7)
  2 white imps
  A worm (D:2)
  A dart slug (D:3)
  2 orcs
  An endoplasm (D:4)
  5 giant cockroaches
  3 goblins
  2 hobgoblins (D:1)
  2 kobolds
  A quokka (Sewer)
  4 ball pythons
  2 bats
  13 rats (Sewer)
77 creatures vanquished.

Vanquished Creatures (collateral kills)
  An eldritch tentacle (Orc:2)
  An orc warlord (Orc:1)
  The ghost of Fanus the Cleaver, a journeyman MiFi of Okawaru (Lair:2)
  2 hydras
  Harold (Orc:1)
  Erolcha (Orc:1)
  A vault guard (D:13)
  A catoblepas (Lair:4)
  Erica (Orc:1)
  3 boulder beetles
  3 two-headed ogres
  3 death yaks (Lair:2)
  Urug (Orc:1)
  A thrashing horror (Lair:5)
  A sixfirhy (Gauntlet)
  2 skysharks (Lair:4)
  15 slime creatures
  The ghost of Cetrigux the Jinx, a novice SpEn of Kikubaaqudgha (Lair:1)
  2 lindwurms (Lair:3)
  A harpy (Lair:3)
  2 wizards (D:13)
  2 orc knights (Orc:2)
  A necromancer (D:13)
  A deep elf pyromancer (D:13)
  An orc sorcerer (Orc:2)
  2 cyclopes
  2 ugly things
  12 elephants
  2 manticores (D:13)
  7 black mambas
  A smoke demon (Lair:5)
  2 torpor snails
  A rime drake (shapeshifter) (Lair:5)
  2 cane toads
  A rime drake (Lair:2)
  6 komodo dragons
  3 ancient zymes (Lair:5)
  A troll (Orc:1)
  A meliai (shapeshifter) (Lair:5)
  A tyrant leech (D:13)
  A wind drake (shapeshifter) (D:13)
  A polar bear (Lair:3)
  A hornet (D:9)
  8 dream sheep
  13 blink frogs
  A jumping spider (Lair:3)
  A spriggan (Lair:5)
  A hog (shapeshifter) (Lair:5)
  2 nameless horrors
  2 wyverns
  51 yaks
  10 basilisks
  18 humans (D:13)
  A redback (Lair:3)
  2 chaos spawn (Lair:5)
  Menkaure (D:5)
  4 wargs (Orc:1)
  4 nagas (Lair:2)
  An acid dragon (D:11)
  3 swamp worms (D:13)
  9 water moccasins
  A black bear (Lair:1)
  2 large abominations (Lair:5)
  38 orc warriors
  2 ice beasts
  6 wolves (Lair:1)
  7 ogres
  22 centaurs
  A phantom (D:6)
  A gnoll sergeant (D:8)
  6 bullfrogs
  7 small abominations (Lair:5)
  A scorpion (D:5)
  3 wights (D:9)
  5 killer bees (D:11)
  2 howler monkeys (D:7)
  2 lava snakes (Lair:3)
  4 hounds
  4 jellies
  10 orc priests
  2 iguanas
  18 orc wizards
  A sickly merfolk siren (Sewer)
  A malarious merfolk avatar (Sewer)
  6 gnolls
  3 adders
  2 river rats (Sewer)
  A white imp (D:8)
  3 ufetubi (D:5)
  A worm (D:5)
  2 dart slugs
  54 orcs
  2 bats
  15 endoplasms
  2 giant cockroaches
  10 goblins
  5 hobgoblins
  3 jackals (D:2)
  11 ball pythons
  7 frilled lizards
  2 kobolds
  15 rats
  A snaplasher vine (Lair:3)
520 creatures vanquished.

Vanquished Creatures (others)
  5 eldritch tentacles
  A minotaur (Gauntlet)
  A catoblepas (Lair:5)
  7 death yaks
  A two-headed ogre (D:8)
  A thrashing horror (Lair:5)
  A sixfirhy (Gauntlet)
  2 orc knights
  A wolf spider (Lair:3)
  An elephant (Lair:2)
  A cane toad (Lair:3)
  Psyche (D:8)
  A large abomination (Lair:5)
  4 blink frogs (Lair:5)
  A ynoxinul (Lair:5)
  A basilisk (Lair:5)
  A chaos spawn (Lair:5)
  An acid dragon (D:12)
  3 water moccasins
  5 orc warriors
  2 ice beasts
  A centaur (D:6)
  A small abomination (Lair:5)
  8 wights
  A hound (D:5)
  A gnoll bouda (D:7)
  A jelly (D:6)
  An orc priest (D:8)
  2 orc wizards
  2 gnolls (D:7)
  3 orcs
  7 snaplasher vines
70 creatures vanquished.

Grand Total: 667 creatures vanquished

Notes
Turn   | Place    | Note
-------+----------+-------------------------------------------
     0 | D:1      | jasper the Spriggan Summoner began the quest for the Orb.
     0 | D:1      | Reached XP level 1. HP: 9/9 MP: 5/5
   209 | D:1      | Reached XP level 2. HP: 9/13 MP: 2/7
   212 | D:1      | Learned a level 2 spell: Call Imp
   790 | D:1      | Reached XP level 3. HP: 16/16 MP: 8/8
   794 | D:1      | Learned a level 3 spell: Call Canine Familiar
  1891 | D:3      | Found a faded altar of an unknown god.
  2375 | D:4      | Found Nugu's Distillery.
  2377 | D:4      | Bought a potion of curing for 30 gold pieces
  2377 | D:4      | Bought a potion of degeneration for 10 gold pieces
  2377 | D:4      | Bought a potion of heal wounds for 50 gold pieces
  2377 | D:4      | Bought a potion of heal wounds for 50 gold pieces
  2380 | D:5      | Entered Level 5 of the Dungeon
  2398 | D:5      | Noticed Edmund
  2425 | D:5      | HP: 1/24 [Edmund/puff of flame (10)]
  2427 | D:5      | Killed Edmund
  2428 | D:5      | Reached skill level 5 in Summonings
  2428 | D:5      | Reached XP level 4. HP: 21/21 MP: 2/9
  2428 | D:5      | Reached XP level 5. HP: 24/24 MP: 2/10
  2493 | D:5      | Noticed an ice beast
  2527 | D:5      | Noticed an ice beast
  2535 | D:5      | Killed an ice beast
  2692 | D:4      | Reached XP level 6. HP: 28/28 MP: 5/11
  2696 | D:4      | Learned a level 3 spell: Summon Guardian Golem
  2936 | D:4      | Found a glowing drain.
  2949 | Sewer    | Entered a sewer
  3065 | Sewer    | Reached skill level 1 in Hexes
  3666 | D:4      | Found a staircase to the Ecumenical Temple.
  3675 | Temple   | Entered the Ecumenical Temple
  3694 | Temple   | Became a worshipper of Sif Muna the Loreminder
  3752 | D:4      | Learned a level 4 spell: Summon Lightning Spire
  4321 | D:4      | Reached XP level 7. HP: 29/32 MP: 12/14
  4528 | D:5      | Reached skill level 1 in Fighting
  4580 | D:5      | Noticed Menkaure
  4596 | D:5      | Killed Menkaure
  4688 | D:5      | Reached skill level 5 in Dodging
  4916 | D:5      | Reached XP level 8. HP: 35/40 MP: 9/15
  5005 | D:5      | Reached * piety under Sif Muna
  6236 | D:6      | Reached skill level 5 in Fighting
  7105 | D:7      | Reached XP level 9. HP: 47/47 MP: 17/17
  7143 | D:7      | Reached skill level 1 in Air Magic
  7177 | D:7      | Reached skill level 5 in Spellcasting
  7177 | D:7      | Noticed an unseen horror
  7185 | D:7      | Reached ** piety under Sif Muna
  7553 | D:6      | Killed an unseen horror
  7564 | D:6      | Learned a level 5 spell: Summon Forest
  7680 | D:7      | Reached skill level 1 in Translocations
  8894 | D:8      | Noticed Psyche
  8895 | D:8      | Noticed a two-headed ogre
  8906 | D:8      | Killed Psyche
  8906 | D:8      | Killed a two-headed ogre
  8907 | D:8      | Reached skill level 5 in Translocations
  8907 | D:8      | Reached XP level 10. HP: 51/51 MP: 18/22
  9340 | D:8      | Learned a level 7 spell: Summon Hydra
  9358 | D:8      | Found a stormy altar of Qazlal.
  9732 | D:9      | Found a flagged portal.
  9757 | Bailey   | Entered a bailey
 10131 | Bailey   | Reached *** piety under Sif Muna
 10408 | Bailey   | Noticed an orc knight
 10417 | Bailey   | Killed an orc knight
 10736 | D:9      | Found a glowing silver altar of Zin.
 10778 | D:9      | Found a blossoming altar of Fedhas.
 10999 | D:9      | You fall into a shaft and drop 3 floors!
 10999 | D:12     | Found Riranesi's General Store.
 11001 | D:12     | Noticed a purple ugly thing
 11018 | D:11     | Killed a purple ugly thing
 11096 | D:11     | Reached skill level 10 in Dodging
 11239 | D:11     | Noticed an ice statue
 11331 | D:11     | Reached XP level 11. HP: 43/56 MP: 13/24
 11409 | D:11     | Found a staircase to the Lair.
 11478 | D:11     | Noticed a white ugly thing
 11531 | D:10     | Entered Level 10 of the Dungeon
 11645 | D:10     | Reached **** piety under Sif Muna
 11868 | D:10     | Noticed a two-headed ogre
 11884 | D:10     | Killed a two-headed ogre
 12266 | D:10     | Noticed a two-headed ogre
 12276 | D:10     | Killed a two-headed ogre
 12374 | D:10     | Found a large runed translucent door.
 12374 | D:10     | Found a large runed translucent door.
 12623 | D:10     | Found a burning altar of Makhleb.
 12935 | D:9      | Found a shadowy altar of Dithmenos.
 13096 | D:11     | Killed a white ugly thing
 13622 | D:11     | Found Egara's Dragon-Slaying Spoils.
 13678 | Lair:1   | Entered Level 1 of the Lair of Beasts
 13688 | Lair:1   | Reached skill level 10 in Summonings
 13717 | Lair:1   | Noticed Cetrigux's ghost (novice SpEn)
 13724 | Lair:1   | Found a runed translucent gate.
 13819 | Lair:1   | Found a runed translucent gate.
 13820 | Lair:1   | Found a runed translucent gate.
 13876 | Lair:1   | Found a gate leading to a gauntlet.
 13906 | Gauntlet | Entered a Gauntlet
 13906 | Gauntlet | Found a transporter.
 13906 | Gauntlet | Found a large runed translucent door.
 13906 | Gauntlet | Found a large runed translucent door.
 13906 | Gauntlet | Found a large runed translucent door.
 13906 | Gauntlet | Found a large runed translucent door.
 13906 | Gauntlet | Found a large runed translucent door.
 13906 | Gauntlet | Found a large runed translucent door.
 13906 | Gauntlet | Found a runed translucent door.
 13906 | Gauntlet | Found a runed translucent door.
 13906 | Gauntlet | Found a large runed translucent door.
 13906 | Gauntlet | Found a large runed translucent door.
 13906 | Gauntlet | Found a large runed translucent door.
 13906 | Gauntlet | Found a large runed translucent door.
 13906 | Gauntlet | Found a large runed translucent door.
 13906 | Gauntlet | Found a large runed translucent door.
 13907 | Gauntlet | Found a large runed translucent door.
 13907 | Gauntlet | Found a large runed translucent door.
 13907 | Gauntlet | Found a large runed translucent door.
 13907 | Gauntlet | Found a large runed translucent door.
 13910 | Gauntlet | Noticed a sixfirhy
 13910 | Gauntlet | Found a runed translucent gate.
 13910 | Gauntlet | Found a runed translucent gate.
 13910 | Gauntlet | Found a runed translucent gate.
 13911 | Gauntlet | Found a transporter.
 13911 | Gauntlet | Noticed a sixfirhy
 13919 | Gauntlet | Found a transporter.
 13923 | Gauntlet | Killed a sixfirhy
 13927 | Gauntlet | Killed a sixfirhy
 13950 | Gauntlet | Identified the ring "Xorche" {Dex+5 Slay+4}
 13965 | Gauntlet | Noticed a cacodemon
 14045 | Gauntlet | Found a transporter.
 14050 | Gauntlet | Noticed a thrashing horror
 14051 | Gauntlet | Noticed a thrashing horror
 14128 | Gauntlet | Noticed a minotaur
 14178 | Gauntlet | Killed a minotaur
 14280 | Gauntlet | Identified the amulet "Jiunkaad" {Spirit Rampage rC+ rCorr}
 14482 | Lair:1   | Identified a scroll of acquirement
 14506 | Lair:1   | Identified the +1 ring mail of Light {Harm rPois Int+3
                  | SInv}
 14572 | Lair:1   | Acquired the amulet "Zoserooq" {+Inv rElec Regen+ Int+5}
 14696 | Lair:1   | Reached XP level 12. HP: 63/63 MP: 16/25
 15000 | Lair:1   | Reached skill level 1 in Invocations
 15254 | Lair:1   | Killed Cetrigux's ghost
 15370 | Lair:2   | Reached skill level 5 in Invocations
 15513 | Lair:2   | Noticed a boulder beetle
 15521 | Lair:2   | Killed a boulder beetle
 15531 | Lair:2   | Found a staircase to the Snake Pit.
 15676 | Lair:2   | Noticed a death yak
 15680 | Lair:2   | Noticed a death yak
 15681 | Lair:2   | Noticed a death yak
 15684 | Lair:2   | Noticed a death yak
 15685 | Lair:2   | Noticed a death yak
 15687 | Lair:2   | Noticed a death yak
 15688 | Lair:2   | Killed a death yak
 15733 | Lair:2   | Killed a death yak
 15736 | Lair:2   | Killed a death yak
 15744 | Lair:2   | Killed a death yak
 15760 | Lair:2   | Killed a death yak
 15760 | Lair:2   | Killed a death yak
 15760 | Lair:2   | Reached ***** piety under Sif Muna
 16069 | Lair:2   | Reached skill level 10 in Invocations
 16124 | Lair:2   | Found a runed translucent door.
 16127 | Lair:2   | Noticed Fanus's ghost (journeyman MiFi)
 16666 | Lair:2   | Killed Fanus's ghost
 16667 | Lair:2   | Reached XP level 13. HP: 67/67 MP: 14/26
 16953 | Lair:3   | Received a gift from Sif Muna
 17346 | Lair:3   | Found a staircase to the Shoals.
 17930 | Lair:3   | Found a runed translucent door.
 17930 | Lair:3   | Found the +8 whip "Snakebite" {venom, curare, rPois}
 18374 | Lair:3   | Identified the +2 hat of the Slug {Slay+3}
 18388 | Lair:3   | Found a runed translucent gate.
 18388 | Lair:3   | Found a runed translucent gate.
 18388 | Lair:3   | Found a runed translucent gate.
 18388 | Lair:3   | Found a runed translucent gate.
 18389 | Lair:3   | Found a runed translucent gate.
 18390 | Lair:3   | Found a runed translucent gate.
 19057 | Lair:4   | Found a staircase to the Slime Pits.
 19060 | Lair:4   | Found a viscous altar of Jiyva.
 19094 | Lair:4   | Received a gift from Sif Muna
 19095 | Lair:4   | Got Sif Muna's Monograph on Transposed Battle Magic {god
                  | gift}
 19357 | Lair:4   | Reached XP level 14. HP: 73/73 MP: 13/28
 19369 | Lair:4   | Learned a level 7 spell: Malign Gateway
 19898 | Lair:5   | Entered Level 5 of the Lair of Beasts
 19898 | Lair:5   | Noticed Rupert
 19934 | Lair:5   | Killed Rupert
 20579 | Lair:5   | Reached skill level 10 in Translocations
 21003 | Lair:5   | Found a corrupted altar of Lugonu.
 21003 | Lair:5   | Found a one-way gate to the infinite horrors of the Abyss.
 21006 | Lair:5   | Found the +2 pair of slick slippers {slick, slippery, EV+4}
 22099 | D:12     | Found a staircase to the Orcish Mines.
 22870 | Orc:1    | Entered Level 1 of the Orcish Mines
 22870 | Orc:1    | Noticed Harold
 22872 | Orc:1    | Noticed Urug
 22879 | Orc:1    | Received a gift from Sif Muna
 22880 | Orc:1    | Got Dispater's Handbook of the Boggart {god gift}
 22882 | Orc:1    | Noticed Erica
 22884 | Orc:1    | Killed Urug
 22885 | Orc:1    | Killed Harold
 22890 | Orc:1    | Killed Erica
 23065 | Orc:1    | Noticed Erolcha
 23087 | Orc:1    | Killed Erolcha
 23327 | Orc:2    | Entered Level 2 of the Orcish Mines
 23457 | Orc:2    | Found a staircase to the Elven Halls.
 24190 | Orc:2    | Found Zihedosy's General Store.
 24190 | Orc:2    | Found Mul Wuink's Jewellery Boutique.
 24192 | Orc:2    | Found Osob's Antique Armour Shop.
 24194 | Orc:2    | Found Maymeuru's Assorted Antiques.
 24200 | Orc:2    | Bought a potion of heal wounds for 140 gold pieces
 24202 | Orc:2    | Bought a potion of resistance for 110 gold pieces
 24202 | Orc:2    | Bought a potion of heal wounds for 55 gold pieces
 24203 | Orc:2    | Bought the ring "Fupivuon" {Wiz Will+++ Int+4 Dex-2} for
                  | 968 gold pieces
 24235 | Orc:2    | Received a gift from Sif Muna
 24687 | Orc:1    | Noticed an orc warlord
 24698 | Orc:1    | Killed an orc warlord
 24699 | Orc:1    | Reached XP level 15. HP: 73/77 MP: 14/29
 25086 | D:13     | Received a gift from Sif Muna
 25099 | D:13     | Found a gate to the Vaults.
 25259 | D:13     | Reached skill level 1 in Maces & Flails
 25326 | D:13     | HP: 2/67 [centaur warrior/arrow (7)]
 25328 | D:13     | Shot with an arrow by a centaur warrior

Illustrated notes

Levels and vault maps discovered:
D:1:      sevenhm_arrival_forest_fort_small_4, layout_loops_ring, serial_glass,
          glass_columns_a, glass_columns_a, glass_columns_a, glass_columns_a
D:2:      layout_rooms, serial_bayou_lagoon_a
D:3:      layout_loops_cross, shapermc_ecumenical_altar_notcrosses
D:4:      layout_gridville, temple_hall, portal_sewer_entry_d, serial_shops,
          nicolae_take_the_stairs, hangedman_abyss_or_decor_stagger
D:5:      minmay_bubble_buster, layout_loops_ring, uniq_edmund, uniq_menkaure
D:6:      layout_basic
D:7:      layout_basic, nicolae_letterblocks [nicolae_letter_subblock,
          nicolae_letter_subblock, nicolae_letter_subblock,
          nicolae_letter_subblock, nicolae_letter_subblock,
          nicolae_letter_subblock, nicolae_letter_subblock,
          nicolae_letter_subblock, nicolae_letter_subblock,
          nicolae_letter_subblock, nicolae_letter_subblock,
          nicolae_letter_subblock, nicolae_letter_subblock,
          nicolae_letter_subblock, nicolae_letter_subblock,
          nicolae_letter_subblock, nicolae_letter_subblock,
          nicolae_letter_subblock, nicolae_letter_subblock,
          nicolae_letter_subblock, nicolae_letter_subblock,
          nicolae_letter_subblock, nicolae_letter_subblock,
          nicolae_letter_subblock, nicolae_letter_subblock]
D:8:      layout_basic, mainiacjoe_overflow_tiny_flanked, st_stairs_12,
          chequers_jeans, uniq_psyche
D:9:      layout_loops_ring, lemuel_round_altar, fedhas_altar_2,
          mainiacjoe_overflow_small_starburst, enter_bailey_5
D:10:     layout_layer_cave, lightli_temple_of_fire, jmf_multi_god_temple2
D:11:     layout_irregular_city, lair_entry_dummy, grunt_ministairs_2, hex_tiny,
          minivault_16, nicolae_shop_dragon_depot
D:12:     layout_rooms, orc_0_dummy, serial_shops, nicolae_shop_hallway_stairs,
          grunt_ogre_cave
D:13:     layout_irregular_city, grunt_vaults_entry_tiered, worms_lemuel
Temple:   minmay_freezing_vapour_temple
Lair:1:   layout_cave_pods, gammafunk_ghost_split, gauntlet_entry_generic
Lair:2:   layout_chaotic_city, minmay_snake_entry_guardpost_medium,
          ebering_ghost_reflecting_pool, guppyfry_lair_drakes
Lair:3:   gammafunk_indiana_jones, layout_regular_city,
          nicolae_shoals_entry_roost
Lair:4:   lemuel_slime, layout_hall_layers, slime_entry_1
Lair:5:   hellmonk_lair_end_abyssal_woods, layout_small_grid, uniq_rupert
Orc:1:    layout_caves, uniq_harold, uniq_erolcha, uniq_erica, uniq_urug
Orc:2:    st_orc_rangers, layout_diamond_mine, nicolae_orc_stony_grotto

Skill      XL: |  1  2  3  4  5  6  7  8  9 10 11 12 13 14 15 |
---------------+----------------------------------------------+-----
Spellcasting   | 3 4 7 8 9 |  9.2
Summonings     | 4 5 6 7 8 10 11 13 14 | 14.0
Hexes          | 2 |  2.0
Dodging        | 3 6 8 10 12 | 12.9
Fighting       | 3 5 6 7 8 |  8.2
Air Magic      | 2 |  2.0
Translocations | 5 8 13 14 | 14.0
Invocations    | 10 13 | 13.0
Maces & Flails | 1 |  1.4
Stealth        | |  3.0

Action                     |  1- 3 |  4- 6 |  7- 9 | 10-12 | 13-15 || total
---------------------------+-------+-------+-------+-------+-------++-------
  Melee: Unarmed           |    21 |       |       |       |       ||    21
         Dagger            |    11 |       |       |       |       ||    11
         Punch             |     1 |     1 |     2 |     2 |     3 ||     9
         Hand axe          |    23 |       |       |       |       ||    23
         Spear             |    19 |       |       |       |       ||    19
         Whip              |       |   113 |   104 |    53 |    90 ||   360
   Cast: Summon Small Mamm |    13 |       |       |       |       ||    13
         Call Imp          |    23 |    13 |    15 |     2 |       ||    53
         Call Canine Famil |     4 |    13 |    55 |    45 |    56 ||   173
         Summon Guardian G |       |       |    29 |    35 |    43 ||   107
         Summon Lightning  |       |       |     4 |    51 |    81 ||   136
         Summon Forest     |       |       |       |    19 |    41 ||    60
         Malign Gateway    |       |       |       |       |     6 ||     6
 Invoke: Channel Magic     |       |       |       |     1 |       ||     1
  Evoke: Wand              |       |     1 |    14 |     3 |     1 ||    19
    Use: Scroll            |    11 |       |     5 |    10 |     6 ||    32
         Potion            |     3 |     1 |     3 |     5 |     2 ||    14
   Stab: Distracted        |     2 |       |     3 |     2 |     1 ||     8
         Sleeping          |     3 |     5 |     1 |     2 |       ||    11
         Petrifying        |       |       |       |       |     1 ||     1
 Armour: Robe              |    13 |    13 |    12 |    12 |    20 ||    70
         Skin              |     5 |       |       |       |       ||     5
  Dodge: Dodged            |    71 |    89 |   120 |   118 |   232 ||   630

Table legend: (Time is in decaauts)
 A = Elapsed time spent in this place.
 B = Non-inter-level travel time spent in this place.
 C = Inter-level travel time spent in this place.
 D = Time resting spent in this place.
 E = Time spent auto-exploring this place.
 F = Levels seen in this place.
 G = Mean time per level.
                   A        B        C        D        E       F      G
               +--------+--------+--------+--------+--------+-----+--------+
         Total |  19707 |  19189 |    518 |   1735 |  12472 |  24 |  821.1 |
       Dungeon |  10063 |   9757 |    306 |    562 |   6592 |  13 |  774.1 |
        Temple |     15 |     13 |      2 |      0 |      6 |   1 |   15.0 |
          Lair |   6344 |   6183 |    161 |    541 |   4215 |   5 | 1268.8 |
  Orcish Mines |   1583 |   1534 |     49 |    143 |   1018 |   2 |  791.5 |
         Sewer |    631 |    631 |      0 |      5 |    344 |   1 |  631.0 |
        Bailey |    742 |    742 |      0 |    314 |    261 |   1 |  742.0 |
      Gauntlet |    326 |    326 |      0 |    170 |     35 |   1 |  326.0 |
               +--------+--------+--------+--------+--------+-----+--------+

Top non-repeatable levels by time:
  Lair:5: 1757 daAuts
  Lair:3: 1719 daAuts
     D:5: 1252 daAuts
     D:6: 1198 daAuts
     D:8: 1103 daAuts
  Lair:2: 1081 daAuts
   Orc:2: 1073 daAuts
  Lair:1: 958 daAuts
    D:10: 855 daAuts
  Lair:4: 827 daAuts
    D:11: 823 daAuts
     D:1: 793 daAuts
     D:7: 790 daAuts
     D:4: 745 daAuts
  Bailey: 742 daAuts
